 Dungeon Crawl Stone Soup version 0.31.0-12-g77e489cdc1 (webtiles) character file.

Game seed: 1209010376115779832

30216 Peloso the Fencer (level 13, -7/122 HPs)
             Began as a Minotaur Fighter on Feb 21, 2024.
             Was a High Priest of Okawaru.
             Mangled by a cane toad (13 damage)
             ... on level 3 of the Lair of Beasts.
             The game lasted 00:24:33 (14302 turns).

Peloso the Fencer (Minotaur Fighter)               Turns: 14302, Time: 00:24:34

Health: -7/122     AC: 18    Str: 23    XL:     13   Next: 19%
Magic:  12/12      EV: 16    Int:  5    God:    Okawaru [*****.]
Gold:   961        SH:  6    Dex: 13    Spells: 12/12 levels left

rFire   . . .        a - +2 scimitar (flame)
rCold   . . .        d - +0 buckler
rNeg    . . .        c - +1 chain mail
rPois   .            o - +2 hat
rElec   .            z - +1 cloak {Will+}
rCorr   +            (no gloves)
SInv    .            (no boots)
Will    +....        (no amulet) Stlth
                     g - ring of resist corrosion
HPRegen 0.40/turn    k - +5 ring of evasion
MPRegen 0.13/turn

%: no passive effects
@: lethally poisoned (-7 -> -18), slowed, very slow
A: horns 2, retaliatory headbutt
a: Renounce Religion, Heroism, Finesse, Duel


You were on level 3 of the Lair of Beasts.
You worshipped Okawaru.
Okawaru was extremely pleased with you.
You visited 3 branches of the dungeon, and saw 15 of its levels.

You collected 961 gold pieces.

Inventory:

Hand Weapons
 a - a +2 scimitar of flaming (weapon)
 b - a +4 long sword of freezing
Armour
 c - a +1 chain mail (worn)
 d - a +0 buckler (worn)
 l - a +0 pair of boots
 o - a +2 hat (worn)
 z - a +1 cloak of willpower (worn)
Jewellery
 g - a ring of resist corrosion (left hand)
 k - a +5 ring of evasion (right hand)
 t - a ring of see invisible
 B - a +4 ring of protection
 H - a ring of ice
 S - a ring of ice
Wands
 p - a wand of flame (4)
 y - a wand of roots (24)
 C - a wand of charming (5)
 F - a wand of polymorph (18)
 P - a wand of quicksilver (3)
Scrolls
 e - 3 scrolls of immolation
 h - a scroll of silence
 j - a scroll of acquirement
 q - 2 scrolls of fear
 r - a scroll of enchant armour
 s - 4 scrolls of enchant weapon
 v - 2 scrolls of amnesia
 x - 4 scrolls of fog
 A - 9 scrolls of identify
 G - 2 scrolls of torment {unknown}
 L - 2 scrolls of noise {unknown}
 M - 2 scrolls of blinking {unknown}
 N - a scroll of vulnerability
 O - 2 scrolls of teleportation
 R - a scroll of revelation {unknown}
Potions
 f - 2 potions of haste
 i - 2 potions of might
 m - a potion of ambrosia
 n - 6 potions of curing
 u - 2 potions of invisibility {unknown}
 w - a potion of attraction {unknown}
 E - a potion of mutation {unknown}
 I - 2 potions of cancellation {unknown}
 J - 3 potions of degeneration {unknown}
 K - 2 potions of enlightenment {unknown}
 Q - 2 potions of lignification
 T - 2 potions of heal wounds
Miscellaneous
 D - a condenser vane
 U - a phial of floods


   Skills:
 + Level 13.6 Fighting
 + Level 15.5 Long Blades
 + Level 13.6 Armour
 + Level 6.1 Dodging
 + Level 2.5 Stealth
 + Level 9.7 Shields
 + Level 0.6 Invocations
 + Level 2.4 Evocations


You had 12 spell levels left.
You didn't know any spells.
Your spell library contained the following spells:

 Spells                   Type           Power      Damage    Failure   Level
 Apportation              Tloc           0%         N/A       94%         1
 Kiss of Death            Conj/Necr      0%         2d5       94%         1
 Necrotise                Necr           0%         1d4       94%         1
 Slow                     Hex            0%         N/A       94%         1
 Sting                    Conj/Alch      0%         1d3       94%         1
 Ensorcelled Hibernation  Hex/Ice        0%         N/A       98%         2
 Sublimation of Blood     Necr           0%         N/A       98%         2
 Confusing Touch          Hex            0%         N/A       100%        3
 Fugue of the Fallen      Necr           0%         N/A       100%        3
 Sigil of Binding         Hex            0%         N/A       100%        3
 Vampiric Draining        Necr           0%         2d6       100%        3
 Anguish                  Hex/Necr       0%         N/A       100%        4
 Cause Fear               Hex            0%         N/A       100%        4
 Dispel Undead            Necr           0%         3d6       100%        4
 Fulminant Prism          Conj/Alch      0%         3d5       100%        4
 Fireball                 Conj/Fire      0%         3d3       100%        5
 Yara's Violent Unravell  Hex/Alch       0%         3d3       100%        5
 Summon Small Mammal      Summ           Unusable   N/A       N/A         1
 Call Imp                 Summ           Unusable   N/A       N/A         2
 Summon Hydra             Summ           Unusable   N/A       N/A         7
 Dragon's Call            Summ           Unusable   N/A       N/A         9

Dungeon Overview and Level Annotations

Branches:
Dungeon (11/15)            Temple (1/1) D:4            Lair (3/5) D:11
  Swamp (0/4) Lair:3        Snake (0/4) Lair:2
    Orc: D:9-12

Altars:
Ashenzari
Cheibriados
Dithmenos
Elyvilon
Fedhas
Gozag
Hepliaklqana
Kikubaaqudgha
Makhleb
Nemelex Xobeh
Okawaru
Qazlal
Ru
Sif Muna
Trog
Uskayaw
Vehumet
Wu Jian
Xom
Yredelemnul
Zin
The Shining One

Shops:
D:5 =

Annotations:
Lair:1 1 runed translucent door, Tyszek's ghost, journeyman MiMo


Innate Abilities, Weirdness & Mutations

You have a pair of horns on your head.
You reflexively headbutt those who attack you in melee.


Message History

You resist with almost no effort.
You barely miss the bog body. You headbutt the bog body.
You destroy the bog body!
Okawaru accepts your kill. The bog body closely misses you.
Unknown command.
You slash the bog body! You burn the bog body. You headbutt the bog body.
The bog body is moderately damaged.
The bog body barely misses you. You furiously retaliate!
You headbutt the bog body. You hit the bog body. You burn the bog body.
The bog body is heavily damaged.
The bog body misses you. The cane toad misses you. The bog body touches you!
The bog body freezes you!!
Unknown command.
You slice the bog body!!
You destroy the bog body!
Okawaru accepts your kill. The cane toad stings you!
You are poisoned.
The cane toad poisons you! The cane toad stings you!
You feel extremely sick. The cane toad stings you!
You are more poisoned.
The cane toad poisons you! The cane toad completely misses you.
Things that are here:
a scroll of enchant armour; a bog body corpse You enter the shallow water.
Moving in this stuff is going to be slow.
* * * LOW HITPOINT WARNING * * *
You feel extremely sick. The cane toad completely misses you.
You furiously retaliate!
You headbutt the cane toad.
* * * LOW HITPOINT WARNING * * *
You feel extremely sick.
The cane toad stings you but does no damage.
The cane toad stings you!
* * * LOW HITPOINT WARNING * * *
The cane toad stings you!
You die...

##.. ##...... #...### ##
#P......
...#.###.#.##......
#..................
#..~~§.............
#.~♣~§♣......#..##.
#§§♣§§~..##..##.###
#§F§§~§..##.# #.###
#§@~♣~§..##.###.#.#
#§†§..§.###..##..##
#...##### #.###..# #.###
##..#...##
..####..P######.........
.........................
####..#P#####P##.#.#.##..
###### ####.######.# ###
###


You could see a cane toad.

Vanquished Creatures
  Erica (D:8)
  3 two-headed ogres
  2 boulder beetles
  Amaemon (D:9)
  2 bog bodies (Lair:3)
  An ugly thing (D:7)
  Maurice (D:8)
  11 elephants
  3 black mambas
  A torpor snail (Lair:1)
  An orange demon (D:9)
  10 cane toads
  2 rime drakes
  6 komodo dragons
  A troll (D:11)
  A polar bear (Lair:1)
  A hornet (D:7)
  Prince Ribbit (D:6)
  6 blink frogs
  4 dream sheep (Lair:1)
  A shadow (D:10)
  5 wyverns
  A vampire (D:9)
  22 yaks
  A basilisk (D:11)
  A wraith (D:11)
  2 steam dragons (D:7)
  A vampire mosquito (D:11)
  2 nagas (Lair:2)
  Menkaure (D:6)
  11 water moccasins
  Duvessa (D:6)
  2 black bears
  An ice beast (D:7)
  A sky beast (D:8)
  3 ogres
  7 centaurs
  An orc warrior (D:9)
  10 wolves (Lair:3)
  A phantom (D:7)
  5 bullfrogs
  A kobold brigand (D:10)
  3 gnoll sergeants
  2 scorpions
  7 wights
  Dowan (D:6)
  12 killer bees
  7 howler monkeys
  An electric eel (Lair:1)
  A bombardier beetle (D:5)
  4 jellies
  5 orc priests
  4 gnoll boudas
  8 hounds
  3 iguanas
  8 orc wizards
  23 gnolls
  6 adders
  2 white imps (D:6)
  2 ribbon worms (D:2)
  4 dart slugs
  35 orcs
  4 bats
  9 endoplasms
  4 giant cockroaches
  4 goblins
  11 hobgoblins
  9 kobolds
  3 quokkas
  6 ball pythons
  6 frilled lizards
  9 rats
343 creatures vanquished.

Notes
Turn   | Place    | Note
-------+----------+-------------------------------------------
     0 | D:1      | Peloso the Minotaur Fighter began the quest for the Orb.
     0 | D:1      | Reached XP level 1. HP: 19/19 MP: 0/0
    92 | D:1      | Reached XP level 2. HP: 19/27 MP: 1/1
   146 | D:1      | Reached skill level 3 in Long Blades
   785 | D:2      | Reached XP level 3. HP: 33/33 MP: 2/2
   974 | D:2      | Found a sparkling altar of Nemelex Xobeh.
  1602 | D:2      | Reached XP level 4. HP: 41/41 MP: 3/3
  2217 | D:4      | Found a staircase to the Ecumenical Temple.
  2305 | Temple   | Entered the Ecumenical Temple
  2386 | D:4      | Found a stormy altar of Qazlal.
  2453 | D:4      | Reached skill level 4 in Long Blades
  2676 | D:4      | Noticed a scorpion
  2681 | D:4      | Killed a scorpion
  2682 | D:4      | Reached XP level 5. HP: 47/47 MP: 4/4
  3046 | D:5      | Entered Level 5 of the Dungeon
  3130 | D:5      | Reached skill level 5 in Fighting
  3130 | D:5      | Reached skill level 1 in Dodging
  3243 | D:5      | Found Rogryeta's Jewellery Emporium.
  3315 | D:5      | Reached skill level 5 in Long Blades
  3397 | D:5      | Reached XP level 6. HP: 52/56 MP: 5/5
  3422 | D:5      | Found a radiant altar of Vehumet.
  3469 | D:5      | Noticed a water moccasin
  3476 | D:5      | Reached skill level 5 in Armour
  3481 | D:5      | Killed a water moccasin
  3482 | D:5      | Reached skill level 6 in Long Blades
  3599 | D:5      | Found a snail-covered altar of Cheibriados.
  3603 | D:5      | Reached XP level 7. HP: 63/63 MP: 6/6
  4058 | D:6      | Noticed Prince Ribbit
  4065 | D:6      | Killed Prince Ribbit
  4066 | D:6      | Reached skill level 7 in Long Blades
  4066 | D:6      | Reached XP level 8. HP: 39/71 MP: 7/7
  4070 | D:6      | Noticed Menkaure
  4078 | D:6      | Killed Menkaure
  4280 | D:6      | Reached skill level 1 in Stealth
  4309 | D:6      | Noticed Duvessa
  4314 | D:6      | Noticed Dowan
  4319 | D:6      | Killed Duvessa
  4320 | D:6      | Reached skill level 5 in Shields
  4321 | D:6      | Reached skill level 8 in Long Blades
  4330 | D:6      | Killed Dowan
  4788 | D:6      | Reached skill level 9 in Long Blades
  4795 | D:6      | Reached XP level 9. HP: 65/79 MP: 8/8
  5169 | D:7      | Paralysed by a hornet for 2 turns
  5175 | D:7      | Paralysed by a hornet for 1 turns
  5179 | D:7      | Paralysed by a hornet for 2 turns
  5183 | D:7      | Paralysed by a hornet for 2 turns
  5377 | D:7      | Identified a scroll of acquirement
  5727 | D:7      | Noticed a green ugly thing
  5746 | D:7      | Killed a green ugly thing
  5747 | D:7      | Reached skill level 10 in Long Blades
  6257 | D:8      | Found an iron altar of Okawaru.
  6264 | D:8      | Became a worshipper of Warmaster Okawaru
  6276 | D:8      | Identified the +1 buckler of Atat {rElec Str+6 Int-3}
  6340 | D:8      | Noticed a two-headed ogre
  6352 | D:8      | Killed a two-headed ogre
  6352 | D:8      | Reached * piety under Okawaru
  6353 | D:8      | Reached skill level 11 in Long Blades
  6353 | D:8      | Reached XP level 10. HP: 73/88 MP: 9/9
  6560 | D:8      | Noticed Maurice
  6568 | D:8      | Something stole a condenser vane
  6586 | D:8      | Something stole a ring of see invisible
  6587 | D:8      | Killed Maurice
  6588 | D:8      | Reached skill level 1 in Evocations
  6782 | D:8      | Reached ** piety under Okawaru
  6944 | D:8      | Noticed Erica
  6955 | D:8      | Killed Erica
  6956 | D:8      | Reached skill level 12 in Long Blades
  6956 | D:8      | Reached skill level 10 in Armour
  7068 | D:9      | Noticed Amaemon
  7072 | D:9      | Noticed an orange demon
  7084 | D:9      | Killed Amaemon
  7093 | D:9      | Killed an orange demon
  7717 | D:9      | Reached *** piety under Okawaru
  8170 | D:9      | Noticed a two-headed ogre
  8178 | D:9      | Killed a two-headed ogre
  8179 | D:9      | Reached XP level 11. HP: 72/97 MP: 7/10
  8375 | D:10     | Entered Level 10 of the Dungeon
  8531 | D:10     | Noticed a two-headed ogre
  8539 | D:10     | Killed a two-headed ogre
  8948 | D:10     | Reached **** piety under Okawaru
  9278 | D:11     | Reached skill level 13 in Long Blades
  9288 | D:11     | Reached skill level 10 in Fighting
  9300 | D:11     | Found a staircase to the Lair.
  9495 | D:11     | Noticed a boulder beetle
  9536 | D:11     | Killed a boulder beetle
 10327 | Lair:1   | Entered Level 1 of the Lair of Beasts
 10335 | Lair:1   | Reached ***** piety under Okawaru
 10630 | Lair:1   | Reached skill level 14 in Long Blades
 10631 | Lair:1   | Received a gift from Okawaru
 10901 | Lair:1   | Reached XP level 12. HP: 98/110 MP: 11/11
 11396 | Lair:1   | Found a runed translucent door.
 11398 | Lair:1   | Noticed Tyszek's ghost (journeyman MiMo)
 11400 | Lair:1   | Identified the +2 trident of Deflation {heavy, ^Fragile
                  | rCorr Str-4 Int+9}
 11904 | Lair:2   | Received a gift from Okawaru
 12253 | Lair:2   | Reached skill level 5 in Dodging
 12353 | Lair:2   | Noticed a boulder beetle
 12365 | Lair:2   | Killed a boulder beetle
 12441 | Lair:2   | Reached skill level 15 in Long Blades
 12452 | Lair:2   | Found a staircase to the Snake Pit.
 12732 | Lair:2   | Received a gift from Okawaru
 13619 | Lair:3   | Reached XP level 13. HP: 119/122 MP: 12/12
 13645 | Lair:3   | Got the Directory of Intoxication and the Band
 13778 | Lair:3   | Received a gift from Okawaru
 14290 | Lair:3   | Found a staircase to the Swamp.
 14302 | Lair:3   | HP: 6/122 [cane toad (14)]
 14302 | Lair:3   | Mangled by a cane toad

Illustrated notes

Levels and vault maps discovered:
D:1:      eino_arrival_druids_welcome, layout_basic, serial_rivers,
          chequers_serial_rivers_micro_c, chequers_serial_rivers_marsh,
          chequers_serial_rivers_small_b, chequers_serial_rivers_micro_c
D:2:      layout_loops_cross, basic_altar, grunt_decor_one_mirror, minmay_puff
D:3:      layout_rooms
D:4:      layout_loops_corners, mainiacjoe_overflow_24_doors,
          minmay_temple_entry_junction, minmay_misc_feat_alley,
          nicolae_twisty_statue_hallways
D:5:      layout_rooms, vehumet_altar_wand_db, lemuel_crystal_altar,
          serial_shops, nicolae_shop_advertising_works
          [nicolae_subvault_shop_adworks]
D:6:      nicolae_cairo_tiling_large_dashed, layout_rooms, minmay_three_doors,
          uniq_prince_ribbit1, uniq_duvessa, uniq_menkaure
D:7:      layout_basic, enter_bailey_2, minmay_joined_circles
D:8:      layout_rooms, okawaru_gym_becter, minivault_11, uniq_erica,
          uniq_maurice
D:9:      layout_loops_ring, serial_glass, glass_columns_b, glass_columns_b,
          chequers_serial_rivers_micro_e,
          serial_library_hellmonk_reading_circle, uniq_amaemon
D:10:     layout_irregular_city
D:11:     layout_cave_pods, minmay_lair_entry_grove, statue_in_the_mist_lemuel
Temple:   nicolae_temple_two_arcs
Lair:1:   layout_cave_pods, ebering_ghost_funeral_grove,
          chequers_serial_rivers_micro_e, serial_bayou_shore_a
Lair:2:   layout_gridlike, guppyfry_snake_entry_island
Lair:3:   layout_small_grid, skrybe_swamp_entry_bodies, grunt_megastairs_2,
          lemuel_fruit_fields, infiniplex_staircase_pool_2

Skill      XL: |  1  2  3  4  5  6  7  8  9 10 11 12 13 |
---------------+----------------------------------------+-----
Long Blades    | 3 4 5 6 7 9 11 12 14 15 | 15.5
Fighting       | 4 5 6 7 8 9 11 13 | 13.6
Armour         | 4 5 6 8 9 11 12 13 | 13.6
Shields        | 4 5 6 7 8 9 |  9.7
Dodging        | 1 2 3 4 5 6 |  6.1
Stealth        | 1 2 |  2.5
Evocations     | 2 |  2.4
Invocations    | |  0.6

Action                     |  1- 3 |  4- 6 |  7- 9 | 10-12 | 13-15 || total
---------------------------+-------+-------+-------+-------+-------++-------
  Melee: Long sword        |    89 |   125 |   122 |       |       ||   336
         Headbutt          |    11 |    22 |    63 |   153 |    18 ||   267
         Scimitar          |       |       |   137 |   664 |    77 ||   878
 Invoke: Heroism           |       |       |       |     4 |       ||     4
  Evoke: Wand              |       |       |     8 |     8 |       ||    16
         Condenser vane    |       |       |       |     1 |       ||     1
    Use: Scroll            |     3 |     5 |     8 |       |       ||    16
         Potion            |     3 |       |     3 |       |       ||     6
 Armour: Scale mail        |    42 |       |       |       |       ||    42
         Chain mail        |     6 |    88 |   170 |   360 |    74 ||   698
  Dodge: Dodged            |    71 |    76 |   171 |   395 |    79 ||   792
  Block: Buckler           |    20 |    26 |    79 |   178 |    38 ||   341
